 Dungeon Crawl Stone Soup version 0.23.1 (webtiles) character file.

Game seed: 0

168 pjoxt the Shield-Bearer (level 5, -14/33 HPs)
             Began as a Gargoyle Fighter on Feb 27, 2019.
             Was a Follower of Elyvilon.
             Demolished by an ogre
             ... wielding a +0 giant club
              (25 damage)
             ... on level 4 of the Dungeon on Mar 4, 2019.
             The game lasted 00:08:19 (2863 turns).

pjoxt the Shield-Bearer (Gargoyle Fighter)          Turns: 2863, Time: 00:08:21

Health: -14/33     AC: 11    Str: 20    XL:     5   Next: 49%
Magic:  5/5        EV:  7    Int:  9    God:    Elyvilon [*.....]
Gold:   166        SH: 11    Dex:  9    Spells: 4/4 levels left

rFire    . . .     SeeInvis .   a - +0 flail
rCold    . . .     Gourm    .   c - +0 shield
rNeg     + . .     Faith    .   b - +0 scale mail
rPois    ∞         Spirit   .   (no helmet)
rElec    +         Reflect  +   (no cloak)
rCorr    .         Harm     .   (no gloves)
MR       +....                  (no boots)
Stlth    ..........             o - +2 amulet of reflection
HPRegen  0.11/turn              r - ring of protection from magic
MPRegen  0.09/turn              (no ring)

@: no status effects
A: negative energy resistance 1, electricity resistance, unbreathing,
petrification resistance, rot immunity, AC +4
a: Lesser Healing, Divine Protection, Renounce Religion


You were on level 4 of the Dungeon.
You worshipped Elyvilon.
Elyvilon was aware of your devotion.
You were hungry.

You visited 1 branch of the dungeon, and saw 4 of its levels.

You collected 166 gold pieces.

Inventory:

Hand Weapons
 a - a +0 flail (weapon)
Armour
 b - a +0 scale mail (worn)
 c - a +0 shield (worn)
Jewellery
 h - an uncursed ring of fire
 o - a +2 amulet of reflection (around neck)
 r - a ring of protection from magic (left hand)
Wands
 p - a wand of iceblast (13)
 u - a wand of digging (6)
 v - a wand of acid (11)
Scrolls
 e - 5 scrolls of remove curse {unknown}
 i - 5 scrolls of teleportation {unknown}
 j - 2 scrolls of noise {unknown}
 k - a scroll of random uselessness {unknown}
 m - 2 scrolls of blinking {unknown}
 n - 5 scrolls of identify {unknown}
 q - 2 scrolls of fog {unknown}
 w - a scroll of enchant weapon {unknown}
Potions
 d - a potion of might
 g - a potion of heal wounds {unknown}
 l - a potion of brilliance {unknown}
 s - a potion of cancellation {unknown}
 t - a potion of curing {unknown}
 z - a potion of lignification {unknown}
Comestibles
 f - 8 rations


   Skills:
 + Level 4.0 Fighting
 + Level 2.8 Maces & Flails
 + Level 4.5 Armour
 + Level 4.6 Shields
 + Level 0.9 Invocations


You had 4 spell levels left.
You didn't know any spells.
Your spell library was empty.

Dungeon Overview and Level Annotations

Branches:
Dungeon (4/15)
 Temple: D:4-7

Altars:
Ashenzari
Elyvilon
Qazlal
Trog


Innate Abilities, Weirdness & Mutations

You are resistant to torment.
Your stone body is resilient. (AC +4)
You are immune to poison.
You resist negative energy. (rN+)
You are resistant to electric shocks. (rElec)
You can survive without breathing.
You are immune to petrification.
You are immune to rotting.


Message History

The ogre hits you with a +0 giant club. You block the frilled lizard's attack.
You hit the ogre.
The ogre is heavily wounded.
You block the frilled lizard's attack. You block the ogre's attack.
You hit the ogre.
The ogre is severely wounded.
The frilled lizard barely misses you. You block the ogre's attack.
The frilled lizard bites you but does no damage.
You hit the ogre.
The ogre is severely wounded.
You block the ogre's attack. The frilled lizard closely misses you.
You hit the ogre but do no damage.
The ogre is severely wounded.
The ogre hits you with a +0 giant club! You block the frilled lizard's attack.
You barely miss the ogre.
The ogre is severely wounded.
You block the frilled lizard's attack.
The ogre hits you with a +0 giant club!!
Ouch! That really hurt!
You die...

#..................#..
............##.......#
....<.......##......#
.#..................#
##.....#.........?.#
#.....##..........##
....##.###...........#
.......#.>..#........#
###.........#..#@....#
.............##Ol...#
..........##........$#
......................#
........................
...........####....
.#...... ..#. #...#.. ##
.......


You could see an ogre and a frilled lizard.

Vanquished Creatures
  Ijyb (D:3)
  7 gnolls (D:2)
  2 adders
  A worm (D:3)
  A dart slug (D:2)
  3 leopard geckos (D:2)
  An orc (D:3)
  2 ball pythons (D:3)
  2 bats
  2 giant cockroaches
  3 goblins (D:2)
  7 hobgoblins
  2 jackals (D:2)
  3 frilled lizards
  8 kobolds
  6 rats
51 creatures vanquished.

Notes
Turn   | Place    | Note
-------+----------+-------------------------------------------
     0 | D:1      | pjoxt the Gargoyle Fighter began the quest for the Orb.
     0 | D:1      | Reached XP level 1. HP: 14/14 MP: 1/1
   295 | D:1      | Reached XP level 2. HP: 19/19 MP: 2/2
   943 | D:2      | Upgraded the game from 0.23.0-38-g208d714 to 0.23.1
   965 | D:2      | Reached XP level 3. HP: 23/23 MP: 3/3
  1194 | D:2      | Reached XP level 4. HP: 11/29 MP: 4/4
  1883 | D:2      | Found a white marble altar of Elyvilon.
  1884 | D:2      | Found a bloodstained altar of Trog.
  1922 | D:2      | Became a worshipper of Elyvilon the Healer
  1959 | D:2      | Found a shattered altar of Ashenzari.
  1992 | D:2      | Reached XP level 5. HP: 29/33 MP: 5/5
  2062 | D:2      | Found a stormy altar of Qazlal.
  2366 | D:3      | Noticed Ijyb
  2379 | D:3      | Killed Ijyb
  2500 | D:3      | Reached * piety under Elyvilon
  2849 | D:4      | Noticed an ogre
  2863 | D:4      | Demolished by an ogre

Skill      XL: |  1  2  3  4  5 |
---------------+----------------+-----
Armour         | 4 |  4.5
Shields        | 4 |  4.6
Fighting       | 4 |  4.0
Maces & Flails | |  2.8
Invocations    | |  0.9

Action                   |  1- 3 |  4- 6 || total
-------------------------+-------+-------++-------
Melee: Flail             |    84 |   151 ||   235
  Eat: Chunk             |     1 |     5 ||     6
Armor: Scale mail        |    30 |    73 ||   103
Dodge: Dodged            |    20 |    40 ||    60
Block: Shield            |    53 |   110 ||   163
       Reflection        |     1 |     1 ||     2
